 Dungeon Crawl Stone Soup version 0.20-a0-754-g13ddd6e (webtiles) character file.

2852 nono the Cutter (level 9, -3/47 HPs)
             Began as a Vine Stalker Hunter on Feb 25, 2017.
             Was a Priest of Wu Jian.
             Slain by a two-headed ogre
             ... wielding a +0 giant club
              (22 damage)
             ... on level 7 of the Dungeon.
             The game lasted 00:35:58 (3350 turns).

nono the Cutter (Vine Stalker Hunter)               Turns: 3350, Time: 00:35:59

Health: -3/47      AC:  9    Str: 18    XL:     9   Next: 75%
Magic:  0/10       EV:  6    Int: 11    God:    Wu Jian [***...]
Gold:   244        SH:  5    Dex: 15    Spells: 8/8 levels left

rFire    . . .     SeeInvis .   A - +0 short sword (venom)
rCold    . . .     Gourm    .   y - +0 plate armour
rNeg     . . .     Faith    .   u - +0 buckler
rPois    +         Spirit   +   (no helmet)
rElec    .         Reflect  .   (no cloak)
rCorr    .         Harm     .   n - +0 pair of gloves {archery}
MR       ++...                  (no boots)
Stlth    ..........             (no amulet)
Regen    0.6/turn               p - ring of protection from magic
MPRegen  0.2/turn               c - ring of poison resistance

@: corroded
A: fangs 3, regeneration 1, magic shield, antimagic bite, no potion heal 3, rot
immunity
a: Renounce Religion


You were on level 7 of the Dungeon.
You worshipped Wu Jian.
Wu Jian was most pleased with you.
You were hungry.

You visited 2 branches of the dungeon, and saw 8 of its levels.

You collected 244 gold pieces.

Inventory:

Hand Weapons
 a - a +1 short sword of freezing
 w - a +0 rapier
 A - a +0 short sword of venom (weapon)
 G - a +0 war axe
 J - a +0 hand axe
Missiles
 j - 3 needles of confusion
 o - 95 stones (quivered)
 E - 2 javelins
 H - 27 poisoned needles
 L - 3 needles of sleeping
 O - 8 javelins of penetration
Armour
 b - a +0 leather armour
 n - a +0 pair of gloves of archery (worn)
 r - a +0 ring mail
 u - a +0 buckler (worn)
 y - a +0 plate armour (worn)
 I - a +0 chain mail
Jewellery
 c - a ring of poison resistance (left hand)
 m - an uncursed ring of magical power
 p - a ring of protection from magic (right hand)
 D - a cursed ring of loudness {unknown}
Wands
 B - a wand of flame (4/48)
 K - a wand of flame (13/48)
Scrolls
 i - a scroll of random uselessness {unknown}
 t - 2 scrolls of identify
 z - 2 scrolls of amnesia
Potions
 d - a potion of agility
 e - a potion of mutation
 k - 5 potions of flight
 s - 2 potions of brilliance {unknown}
 x - a potion of degeneration
 C - a potion of haste {unknown}
 N - a potion of magic
 P - a potion of ambrosia
Comestibles
 f - 5 bread rations
 g - 2 fruits
 l - 6 meat rations
 q - 6 royal jellies


   Skills:
 + Level 5.5 Fighting
 + Level 7.3 Short Blades
 - Level 3.6 Throwing
 - Level 5.0 Armour
 - Level 2.7 Dodging
 - Level 1.2 Stealth
 + Level 4.4 Shields
 - Level 0.8 Unarmed Combat


You had 8 spell levels left.
You didn't know any spells.

Dungeon Overview and Level Annotations

Branches:
Dungeon (7/15)             Temple (1/1) D:5

Altars:
Cheibriados
Dithmenos
Elyvilon
Hepliaklqana
Trog
Wu Jian
The Shining One


Innate Abilities, Weirdness & Mutations

You have razor-sharp teeth.
Your natural rate of healing is unusually fast.
When hurt, damage is shared between your health and your magic reserves.
Your bite disrupts and absorbs the magic of your enemies.
Potions cannot restore your health.
You are immune to rotting.


Message History

You spin and attack the two-headed ogre.
You hit the two-headed ogre but do no damage.
The two-headed ogre is poisoned.
You bite the two-headed ogre. You drain its power.
You feel invigorated.
The two-headed ogre is lightly wounded.
Unknown command.
You spin and attack the orc priest repeatedly!
You hit the orc priest.
You kill the orc priest!
The Council accepts your kill.
Unknown command.
You spin and attack the jelly.
You hit the jelly.
The jelly seems to slow down as you strike a pressure point.
The acid corrodes you!
Your hands burn!
The jelly is heavily wounded.
You spin and attack the two-headed ogre.
You hit the two-headed ogre but do no damage.
The two-headed ogre is lightly wounded.
The two-headed ogre hits you with a giant club!!
You die...

#.###.##....o.# .#
#) #..###.###.#
#..# ##...# ...O#
##.## # ..#..#
#.####.# #..#..
#......## #..#..
#.#....... #
....#####†........
###>...@J...######
...<....O.###
###########


You could see a two-headed ogre and a jelly.

Vanquished Creatures
  A manticore (D:6)
  Grinder (D:3)
  Sigmund (D:5)
  An orc warrior (D:6)
  A necrophage (D:6)
  4 ogres
  A phantom (D:7)
  A crocodile (D:7)
  A centaur (D:7)
  The ghost of CcS the Twirler, an amateur GrGl (D:3)
  A bullfrog (D:6)
  2 scorpions
  2 howler monkeys
  A crimson imp (D:6)
  A bullfrog zombie (D:6)
  3 orc priests
  2 hounds
  2 jellies
  6 orc wizards
  A bullfrog skeleton (D:4)
  3 iguanas
  Natasha (thrice) (D:4)
  4 worker ants
  A hound zombie (D:7)
  4 gnolls (D:4)
  15 adders
  An ooze (D:1)
  4 adder skeletons
  A worm (D:4)
  2 dart slugs (D:3)
  3 leopard geckos
  22 orcs
  2 giant cockroaches
  5 goblins
  5 hobgoblins
  14 jackals
  8 kobolds
  2 quokkas (D:4)
  8 bats
  3 frilled lizards
  A leopard gecko skeleton (D:7)
  6 rats
151 creatures vanquished.

Notes
Turn   | Place    | Note
-------+----------+-------------------------------------------
     0 | D:1      | nono the Vine Stalker Hunter began the quest for the Orb.
     0 | D:1      | Reached XP level 1. HP: 11/11 MP: 2/2
    96 | D:1      | Reached XP level 2. HP: 5/15 MP: 3/3
   438 | D:2      | Found an ornate altar of the Wu Jian Council.
   445 | D:2      | Became a worshipper of the Wu Jian Council
   524 | D:2      | Reached XP level 3. HP: 17/19 MP: 4/4
   857 | D:2      | Gained mutation: Your natural rate of healing is unusually fast. [Vine Stalker growth]
   857 | D:2      | Reached XP level 4. HP: 23/23 MP: 5/5
   861 | D:2      | Reached skill level 1 in Short Blades
   928 | D:3      | Noticed CcS's ghost (amateur GrGl)
  1064 | D:3      | Noticed Grinder
  1078 | D:3      | Killed Grinder
  1078 | D:3      | Reached skill level 3 in Short Blades
  1078 | D:3      | Reached XP level 5. HP: 23/27 MP: 6/6
  1078 | D:3      | Reached XP level 6. HP: 28/32 MP: 7/7
  1114 | D:3      | Reached * piety under Wu Jian
  1159 | D:3      | Killed CcS's ghost
  1250 | D:3      | Reached XP level 7. HP: 35/35 MP: 8/8
  1503 | D:4      | Reached skill level 4 in Short Blades
  1701 | D:4      | Noticed Natasha
  1711 | D:4      | Killed Natasha
  1711 | D:4      | Reached ** piety under Wu Jian
  1727 | D:4      | Noticed Natasha
  1736 | D:4      | Killed Natasha
  1784 | D:5      | Entered Level 5 of the Dungeon
  1785 | D:5      | Found a staircase to the Ecumenical Temple.
  1831 | D:5      | Noticed Sigmund
  1838 | D:5      | Killed Sigmund
  1894 | D:5      | Found a white marble altar of Elyvilon.
  1930 | D:5      | Gained mutation: You have razor-sharp teeth. [Vine Stalker growth]
  1930 | D:5      | Reached XP level 8. HP: 38/39 MP: 9/9
  1984 | D:5      | Reached skill level 5 in Short Blades
  2009 | D:4      | Noticed Natasha
  2015 | D:4      | Killed Natasha
  2154 | D:4      | Reached skill level 5 in Armour
  2295 | Temple   | Entered the Ecumenical Temple
  2354 | D:5      | HP: 1/39 [iguana (4)]
  2374 | D:5      | Reached skill level 1 in Shields
  2465 | D:5      | You fall through a shaft!
  2475 | D:6      | Noticed a manticore
  2559 | D:6      | Found a bloodstained altar of Trog.
  2646 | D:6      | Reached skill level 6 in Short Blades
  2749 | D:6      | Killed a manticore
  2749 | D:6      | Reached XP level 9. HP: 4/46 MP: 5/10
  2799 | D:6      | Reached *** piety under Wu Jian
  3077 | D:7      | Reached skill level 5 in Fighting
  3090 | D:7      | Reached skill level 7 in Short Blades
  3184 | D:7      | Found a shadowy altar of Dithmenos.
  3327 | D:7      | Noticed a two-headed ogre
  3350 | D:7      | Slain by a two-headed ogre

Vault maps used:
D:1:      dpeg_arrival_leaves_temple_mockup, hex_large
D:2:      lemuel_doored_altar
D:3:      first_bread, minmay_parallelograms, uniq_grinder
D:4:      minmay_diamond_boxcup, uniq_natasha
D:5:      old_standard_altar, minmay_temple_entry_large_hall, st_stairs_4,
          uniq_sigmund
D:6:      minmay_opposing_rooms, roderic_serpentine_path,
          trog_three_pillars_becter, uniq_menkaure, uniq_blork_the_orc
D:7:      chequers_temple_overflow_minitemple, basic_altar
Temple:   lightli_temple_of_artemis

Skill      XL: |  1  2  3  4  5  6  7  8  9 |
---------------+----------------------------+-----
Fighting       | 2 4 5 |  5.5
Dodging        | 2 |  2.7
Short Blades   | 3 4 6 7 |  7.3
Armour         | 2 3 4 5 |  5.0
Shields        | 3 4 |  4.4
Throwing       | |  3.6
Stealth        | |  1.2
Unarmed Combat | |  0.8

Action                   |  1- 3 |  4- 6 |  7- 9 || total
-------------------------+-------+-------+-------++-------
Melee: Short sword       |    68 |   108 |   613 ||   789
       Bite              |    19 |    40 |   178 ||   237
       Unarmed           |    15 |       |       ||    15
Throw: Javelin           |    12 |     5 |    13 ||    30
       Throwing net      |     4 |     2 |     1 ||     7
       Stone             |       |     1 |       ||     1
Evoke: Wand              |       |     7 |     2 ||     9
  Use: Scroll            |     1 |       |    12 ||    13
       Potion            |       |       |     4 ||     4
 Stab: Held in net/web   |     3 |       |       ||     3
  Eat: Chunk             |       |     1 |     8 ||     9
Armor: Leather armour    |    15 |       |       ||    15
       Ring mail         |    21 |    26 |       ||    47
       Plate armour      |       |    19 |   281 ||   300
Dodge: Dodged            |    61 |    51 |   102 ||   214
Block: Buckler           |     4 |    20 |    77 ||   101
